 Dungeon Crawl Stone Soup version 0.21-a0-278-ga722497 (webtiles) character file.

11 vishdafish the Skirmisher (level 2, 24/24 HPs)
             Began as a Demonspawn Fighter on Sept 23, 2017.
             Quit the game on level 1 of the Dungeon.
             The game lasted 00:00:38 (628 turns).

vishdafish the Skirmisher (Demonspawn Fighter)       Turns: 628, Time: 00:00:38

Health: 24/24      AC:  6    Str: 16    XL:     2   Next: 17%
Magic:  2/2        EV:  6    Int:  9    God:
Gold:   10         SH:  8    Dex: 12    Spells: 1/1 levels left

rFire    . . .     SeeInvis .   a - +0 war axe
rCold    . . .     Gourm    .   c - +0 shield
rNeg     . . .     Faith    .   b - +0 scale mail
rPois    .         Spirit   +   (no helmet)
rElec    .         Reflect  .   (no cloak)
rCorr    .         Harm     .   (no gloves)
MR       .....                  (no boots)
Stlth    ..........             (no amulet)
HPRegen  0.08/turn              (no ring)
MPRegen  0.08/turn              (no ring)

@: no status effects
A: magic shield
a: no special abilities


You were on level 1 of the Dungeon.
You were not hungry.

You visited 1 branch of the dungeon, and saw 1 of its levels.

You collected 10 gold pieces.

Inventory:

Hand Weapons
 a - a +0 war axe (weapon)
Armour
 b - a +0 scale mail (worn)
 c - a +0 shield (worn)
Scrolls
 j - a scroll of random uselessness {unknown}
Potions
 d - a potion of might
 e - 2 potions of heal wounds {unknown}
 g - 2 potions of mutation {unknown}
 h - a potion of curing {unknown}
 k - a potion of agility {unknown}
 l - a potion of degeneration {unknown}
Comestibles
 f - a bread ration
 i - a meat ration


   Skills:
 + Level 3.3 Fighting
 * Level 2.1 Axes
 + Level 2.7 Armour
 - Level 2.7 Shields


You had one spell level left.
You didn't know any spells.

Dungeon Overview and Level Annotations

Branches:
Dungeon (1/15)

Altars:


Innate Abilities, Weirdness & Mutations

When hurt, damage is shared between your health and your magic reserves.


Message History

The giant cockroach is severely wounded.
The giant cockroach bites you.
You hit the giant cockroach.
You kill the giant cockroach!
No target in view!
No target in view!
No target in view!
You see here a giant cockroach corpse.
k - a bubbling sapphire potion
Found a stone staircase leading down.
No target in view!
Found 6 bolts.
l - a purple potion No target in view!
A hobgoblin comes into view. It is wielding a club.
The hobgoblin shouts!
A hobgoblin is nearby!
Are you sure you want to abandon this character and quit the game? (Confirm with "yes".)
Okay, then.
Are you sure you want to abandon this character and quit the game? (Confirm with "yes".)

# .# ######## ..#
.......# .g.
.......# ..
.......###########.#
................@..#
......####.#########
. .........#..... ..
......##.#..... ..
.........#.##....
......####.##.###
....(......##.# ####
......####.##.# #...
......#
#.##.########
.######.##


You could see a hobgoblin.

Vanquished Creatures
  A leopard gecko (D:1)
  A bat (D:1)
  2 giant cockroaches (D:1)
  A goblin (D:1)
  A hobgoblin (D:1)
  A ball python (D:1)
  A frilled lizard (D:1)
  2 kobolds (D:1)
10 creatures vanquished.

Notes
Turn   | Place    | Note
-------+----------+-------------------------------------------
     0 | D:1      | vishdafish the Demonspawn Fighter began the quest for the Orb.
     0 | D:1      | Reached XP level 1. HP: 18/18 MP: 1/1
   451 | D:1      | Gained mutation: When hurt, damage is shared between your health and your magic reserves. [demonic ancestry]
   451 | D:1      | Reached XP level 2. HP: 24/24 MP: 2/2
   628 | D:1      | Quit the game

Vault maps used:
D:1:      evilmike_arrival_rings, nrook_mini_backslash

Skill      XL: |  1 |
---------------+----+-----
Axes           | 2 |  2.1
Fighting       | |  3.3
Armour         | |  2.7
Shields        | |  2.7

Action                   || total
-------------------------++-------
Melee: War axe           ||    36
Armor: Scale mail        ||    26
Dodge: Dodged            ||     8
Block: Shield            ||    22

Table legend:
 A = Spawn XP
 B = Non-spawn XP
 C = Spawn XP percentage of total XP
 D = Spawn monster count
 E = Non-spawn monster count
 F = Spawn count percentage of total count
 G = Total turns spent on level
                    A         B        C        D         E        F      G
               +---------+---------+-------+---------+---------+-------+---------
         Total |       0 |      17 |   0.0 |       0 |      10 |   0.0 |   628
               +---------+---------+-------+---------+---------+-------+---------
           D:1 |       0 |      17 |   0.0 |       0 |      10 |   0.0 |   628
               +---------+---------+-------+---------+---------+-------+---------
